 Dungeon Crawl Stone Soup version 0.26-a0-651-gb41185065b (webtiles) character file.

Game seed: 3724346698653346256

164104 vurker the Brawler (level 17, -31/152 HPs)
             Began as a Ghoul Fighter on Oct 12, 2020.
             Was the Champion of Makhleb.
             Blown up by an orb spider (33 damage)
             ... with an orb of destruction
             ... on level 4 of the Spider Nest.
             The game lasted 00:43:36 (29321 turns).

vurker the Brawler (Ghoul Fighter)                 Turns: 29321, Time: 00:43:37

Health: -31/152    AC: 23    Str: 24      XL:     17   Next: 84%
Magic:  25/25      EV: 20    Int:  5 (6)  God:    Makhleb [******]
Gold:   2910       SH:  0    Dex:  8      Spells: 16/16 levels left

rFire    + . .     SeeInvis .     - Unarmed
rCold    + . .     Faith    .   y - +1 tower shield
rNeg     + + +     Spirit   .   k - +2 plate armour {rF+}
rPois    ∞         Reflect  .   p - +0 helmet
rElec    .         Harm     .   d - +0 cloak
rCorr    .         Rampage  .   (no gloves)
MR       ++...                  z - +2 pair of boots
Stlth    ..........             C - amulet of the acrobat
HPRegen  0.00/turn              Q - ring of protection from magic
MPRegen  0.19/turn              D - +4 ring of slaying

@: confused, acrobat
A: rotting body, claws 1, cold resistance 1, negative energy resistance 3,
inhibited regeneration, torment resistance, unbreathing
a: Minor Destruction, Lesser Servant of Makhleb, Major Destruction, Greater
Servant of Makhleb, Renounce Religion


You were on level 4 of the Spider Nest.
You worshipped Makhleb.
Makhleb was exalted by your worship.
You visited 5 branches of the dungeon, and saw 28 of its levels.
You also visited: Volcano.

You collected 3168 gold pieces.
You spent 258 gold pieces at shops.

Inventory:

Missiles
 n - 7 javelins (quivered)
 q - 3 throwing nets
Armour
 d - a +0 cloak (worn)
   (You found it on level 1 of the Spider Nest)
 k - a +2 plate armour of fire resistance (worn)
   (You found it in a volcano)
 p - a +0 helmet (worn)
   (You took it off Robin on level 3 of the Dungeon)
 y - a +1 tower shield (worn)
   (You found it on level 6 of the Dungeon)
 z - a +2 pair of boots (worn)
   (You found it on level 7 of the Dungeon)
Jewellery
 l - a +6 ring of intelligence
   (You found it on level 6 of the Lair of Beasts)
 C - an amulet of the acrobat (around neck)
   (You found it on level 8 of the Dungeon)
 D - a +4 ring of slaying (right claw)
   (You found it on level 9 of the Dungeon)
 G - an uncursed ring of see invisible
   (You found it on level 10 of the Dungeon)
 N - an uncursed ring of protection from magic
   (You found it on level 11 of the Dungeon)
 Q - a ring of protection from magic (left claw)
   (You found it on level 1 of the Lair of Beasts)
 T - the ring "Hilat" {rF+ MP+9}
   (You found it on level 4 of the Lair of Beasts)

   [ring of protection from fire]

   It protects you from fire.
   It affects your magic capacity (+9).
Wands
 c - a wand of disintegration (8)
   (You found it on level 6 of the Dungeon)
 t - a wand of flame (141)
   (You found it on level 2 of the Dungeon)
 u - a wand of paralysis (21)
   (You found it on level 2 of the Lair of Beasts)
 v - a wand of digging (5)
   (You found it on level 5 of the Lair of Beasts)
 x - a wand of acid (1)
   (You found it on level 5 of the Lair of Beasts)
 A - a wand of polymorph (10)
   (You found it on level 10 of the Dungeon)
 L - a wand of enslavement (12)
   (You found it on level 11 of the Dungeon)
Scrolls
 f - 3 scrolls of amnesia
 i - 4 scrolls of identify
 j - 5 scrolls of enchant armour
 m - 5 scrolls of fog
 o - 14 scrolls of remove curse
 r - 5 scrolls of magic mapping
 s - 6 scrolls of fear
 B - 6 scrolls of immolation
 E - 3 scrolls of summoning
 F - a scroll of blinking
 I - a scroll of silence
 M - a scroll of vulnerability
 V - 8 scrolls of teleportation
Potions
 a - 2 potions of ambrosia
 b - 8 potions of curing
 e - 8 potions of heal wounds
 g - 12 potions of flight
 h - 3 potions of haste
 w - 6 potions of might
 H - 3 potions of magic
 J - 2 potions of resistance
 K - a potion of cancellation
 S - a potion of invisibility


   Skills:
 + Level 14.0 Fighting
 + Level 11.7 Armour
 + Level 11.9 Shields
 * Level 19.4 Unarmed Combat
 + Level 13.0 Invocations


You had 16 spell levels left.
You didn't know any spells.
Your spell library contained the following spells:

 Spells                   Type           Power        Failure   Level
 Apportation              Tloc           #.....       100%        1
 Corona                   Hex            #......      100%        1
 Foxfire                  Conj/Fire      #...         100%        1
 Freeze                   Ice            #...         100%        1
 Magic Dart               Conj           #...         100%        1
 Shock                    Conj/Air       #...         100%        1
 Ensorcelled Hibernation  Hex/Ice        #.....       100%        2
 Searing Ray              Conj           #.....       100%        2
 Slow                     Hex            #.......     100%        2
 Swiftness                Air            #.......     100%        2
 Confusing Touch          Hex            #.......     100%        3
 Dazzling Flash           Conj/Hex       #.....       100%        3
 Frozen Ramparts          Ice            #.....       100%        3
 Inner Flame              Hex/Fire       #.......     100%        3
 Lesser Beckoning         Tloc           #.........   100%        3
 Ozocubu's Armour         Ice            #.......     100%        3
 Portal Projectile        Hex/Tloc       #.....       100%        3
 Static Discharge         Conj/Air       #.......     100%        3
 Tukima's Dance           Hex            #.......     100%        3
 Airstrike                Air            #.........   100%        4
 Cause Fear               Hex            #.........   100%        4
 Fulminant Prism          Conj/Hex       #.........   100%        4
 Hailstorm                Conj/Ice       #.......     100%        4
 Iskenderun's Mystic Bla  Conj/Tloc      #.......     100%        4
 Leda's Liquefaction      Hex/Erth       #.........   100%        4
 Summon Ice Beast         Ice/Summ       #.......     100%        4
 Alistair's Intoxication  Tmut/Pois      #........    100%        5
 Lightning Bolt           Conj/Air       #.........   100%        5
 Summon Mana Viper        Hex/Summ       #.......     100%        5
 Invisibility             Hex            #.......     100%        6
 Ignition                 Fire           #.........   100%        8
 Shatter                  Erth           #.........   100%        9
 Tornado                  Air            #.........   100%        9


Dungeon Overview and Level Annotations

Branches:
Dungeon (15/15)            Temple (1/1) D:4            Lair (6/6) D:11
 Shoals (0/4) Lair:4       Spider (4/4) Lair:3        Slime (0/5) Lair:6
    Orc (2/2) D:9             Elf (0/3) Orc:2        Vaults (0/5) D:14
 Depths (0/5) D:15        Volcano (visited)

Altars:
Ashenzari
Cheibriados
Dithmenos
Elyvilon
Fedhas
Gozag
Hepliaklqana
Kikubaaqudgha
Makhleb
Nemelex Xobeh
Okawaru
Qazlal
Ru
Sif Muna
Trog
Uskayaw
Vehumet
Wu Jian
Xom
Yredelemnul
Zin
The Shining One
Beogh
Jiyva

Shops:
D:5 [   D:7 (   D:8 ?   Orc:1 !   Orc:2 !}*[

Annotations:
D:13 4 runed translucent doors


Innate Abilities, Weirdness & Mutations

Your body is rotting away.
You thrive by killing the living.
You are immune to poison.
You have sharp fingernails.
Your flesh is cold resistant. (rC+)
You are immune to negative energy. (rN+++)
You do not regenerate when monsters are visible.
You are immune to unholy pain and torment.
You can survive without breathing.


Message History

You feel better.
You feel less confused. You block the tarantella's attack.
The tarantella bites you but does no damage.
You claw the tarantella! The tarantella barely misses you.
The tarantella bites you but does no damage.
You closely miss the tarantella. You block the tarantella's attack.
You claw the tarantella! You block the tarantella's attack.
The tarantella bites you.
You closely miss the tarantella. You block the tarantella's attack.
You scratch the tarantella but do no damage.
The tarantella bites you.
* * * LOW HITPOINT WARNING * * *
You are confused.
The tarantella bites you!
* * * LOW HITPOINT WARNING * * *
You are more confused.
The orb spider spins a strand of pure energy.
You miss the tarantella. The tarantella bites you!
* * * LOW HITPOINT WARNING * * *
Unknown command.
The tarantella closely misses you. The tarantella misses you.
You are caught in the web!
The tarantella is no longer berserk.
The tarantella bites you but does no damage.
There is a web here.
You disentangle yourself.
The tarantella barely misses you. The tarantella bites you!
* * * LOW HITPOINT WARNING * * *
You are more confused.
You scratch the tarantella. The tarantella closely misses you.
You are caught in the web!
The orb spider weaves a glowing orb of energy.
An orb of destruction comes into view.
There is a web here.
You struggle to detach yourself from the web.
The orb spider spins a strand of pure energy.
The tarantella bites you but does no damage.
Unknown command.
You disentangle yourself.
The orb of destruction hits you!!
* * * LOW HITPOINT WARNING * * *
The tarantella bites you!
* * * LOW HITPOINT WARNING * * *
You bump into the rock wall.
The orb spider weaves a glowing orb of energy.
The tarantella barely misses you.
An orb of destruction comes into view.
You bump into the rock wall.
The tarantella bites you.
* * * LOW HITPOINT WARNING * * *
The orb of destruction hits you!!
You die...

## #....### .#.
##^.##.# ...
#...#.^## #..##
###.....# #..#.###
##....### ###..^#.##
#..:...###
#....††s.###......#.#
...###○.##...##...#..
##@..#....###.^^..
#^s^###.....#^#..#
##......#..####..#
#......##..#.^#..##
#..#.#####....#....
######...##..####..
##...#..##...^
###.†.####..# #.....#
#...


You could see an orb spider and a tarantella (slow).

Vanquished Creatures
  Saint Roka (Orc:2)
  Arachne (Spider:2)
  Frances (D:14)
  Roxanne (Spider:4)
  An emperor scorpion (Spider:4)
  4 orc warlords
  A ghost moth (Spider:3)
  3 entropy weavers
  Nessos (Lair:6)
  2 fire dragons
  6 hydras
  Josephine (D:11)
  Harold (D:11)
  Fannar (Lair:2)
  A vault guard (D:14)
  Erica (D:11)
  An ice dragon (D:15)
  A rakshasa (D:15)
  4 centaur warriors
  5 two-headed ogres
  2 tengu warriors
  A death yak (Lair:6)
  5 orc high priests
  An ogre mage (Orc:2)
  Nergalle (D:11)
  A hell knight (Volcano)
  Sonja (D:13)
  5 skeletal warriors (D:15)
  A deep troll (D:14)
  3 unseen horrors
  A deep elf archer (Orc:1)
  A lindwurm (Lair:6)
  5 orc knights
  3 deep elf magi
  5 orc sorcerers
  19 ugly things
  3 orb spiders
  6 wolf spiders
  3 manticores
  A moth of wrath (Spider:4)
  A cyclops (D:11)
  12 elephants
  A molten gargoyle (Volcano)
  3 black mambas
  A merfolk siren (Lair:4)
  3 torpor snails
  A gargoyle (D:15)
  8 cane toads
  3 rime drakes
  9 demonic crawlers
  An efreet (D:15)
  4 kobold demonologists
  4 komodo dragons
  A freezing wraith (D:15)
  2 red devils (Volcano)
  14 jumping spiders
  A merfolk (Lair:4)
  8 trolls
  A polar bear (Lair:6)
  2 tengu conjurers
  7 hornets
  13 hippogriffs
  5 blink frogs (Lair:6)
  9 dream sheep (Lair:6)
  A slime creature (D:15)
  48 redbacks
  Sigmund (D:7)
  4 wyverns
  63 yaks
  11 spriggans (Lair:6)
  18 tarantellas
  6 wraiths
  9 basilisks
  2 fire bats (Volcano)
  A human (shapeshifter) (D:13)
  6 vampire mosquitoes
  Edmund (D:7)
  A soldier ant (D:11)
  3 wargs
  Duvessa (D:7)
  16 water moccasins
  6 black bears
  44 orc warriors
  10 porcupines
  5 sky beasts
  A phantom (D:14)
  2 necrophages
  27 wolves
  8 ice beasts
  4 boggarts (Lair:6)
  15 ogres
  An eye of draining (D:10)
  3 centaurs
  17 crocodiles
  2 big kobolds
  19 bullfrogs
  A wyvern zombie (D:10)
  Dowan (D:7)
  3 wyvern skeletons
  A scorpion (D:5)
  11 killer bees
  2 electric eels
  8 wights
  4 howler monkeys
  A bullfrog zombie (D:8)
  6 lava snakes (Volcano)
  2 quasits
  3 centaur zombies
  9 hounds
  5 jellies
  37 orc priests
  6 centaur skeletons
  18 orc wizards
  2 bullfrog skeletons
  An iguana (D:8)
  Natasha (thrice) (D:4)
  10 worker ants
  2 killer bee zombies
  A hound zombie (D:6)
  A howler monkey zombie (D:10)
  Robin (D:3)
  4 worker ant zombies
  4 gnolls (D:3)
  9 adders
  A shadow imp (D:10)
  A white imp (D:8)
  2 ufetubi
  An ooze (D:1)
  An adder zombie (D:8)
  6 worms
  7 dart slugs
  9 leopard geckos
  120 orcs
  8 bats
  7 giant cockroaches
  17 goblins
  5 hobgoblins
  12 jackals
  10 kobolds
  4 quokkas
  5 frilled lizards
  A jackal skeleton (D:9)
  A jackal zombie (D:7)
  4 leopard gecko skeletons
  A quokka zombie (D:8)
  6 rats
961 creatures vanquished.

Vanquished Creatures (collateral kills)
  A molten gargoyle (Volcano)
  A smoke demon (Volcano)
  A demonic crawler (Spider:2)
  A redback (Spider:1)
  A water moccasin (Lair:2)
  2 orc warriors (Orc:2)
  An orc priest (Orc:2)
8 creatures vanquished.

Vanquished Creatures (others)
  A soldier ant (D:10)
  An orc warrior (D:10)
  A centaur (D:10)
  A crocodile (D:10)
  A big kobold (D:10)
  2 worker ants (D:10)
  A bush (Lair:6)
  39 fungi
  39 plants
86 creatures vanquished.

Grand Total: 1055 creatures vanquished

Notes
Turn   | Place    | Note
-------+----------+-------------------------------------------
     0 | D:1      | vurker the Ghoul Fighter began the quest for the Orb.
     0 | D:1      | Reached XP level 1. HP: 19/19 MP: 0/0
   234 | D:1      | Reached XP level 2. HP: 26/26 MP: 1/1
   468 | D:1      | Reached skill level 3 in Unarmed Combat
   622 | D:1      | Reached XP level 3. HP: 31/31 MP: 2/2
  1438 | D:2      | Reached XP level 4. HP: 33/40 MP: 3/3
  1695 | D:2      | Reached skill level 4 in Unarmed Combat
  1695 | D:2      | Reached XP level 5. HP: 30/46 MP: 4/4
  2560 | D:3      | Noticed Robin
  2638 | D:2      | Reached XP level 6. HP: 49/53 MP: 5/5
  2746 | D:3      | Reached skill level 5 in Unarmed Combat
  2767 | D:3      | Killed Robin
  3379 | D:4      | Noticed Natasha
  3383 | D:4      | Killed Natasha
  3388 | D:4      | Reached skill level 5 in Fighting
  3426 | D:4      | Reached skill level 6 in Unarmed Combat
  3426 | D:4      | Reached XP level 7. HP: 57/61 MP: 6/6
  3433 | D:4      | Noticed Natasha
  3443 | D:4      | Killed Natasha
  3558 | D:4      | Noticed Natasha
  3564 | D:4      | Killed Natasha
  3595 | D:4      | Found a staircase to the Ecumenical Temple.
  3656 | Temple   | Entered the Ecumenical Temple
  3747 | Temple   | Became a worshipper of Makhleb the Destroyer
  4465 | D:5      | Entered Level 5 of the Dungeon
  4516 | D:5      | Found a snail-covered altar of Cheibriados.
  4615 | D:5      | Found Pofelycu's Antique Armour Emporium.
  4830 | D:5      | Reached skill level 1 in Invocations
  5197 | D:5      | Reached XP level 8. HP: 56/69 MP: 7/7
  5281 | D:6      | Reached skill level 7 in Unarmed Combat
  5561 | D:6      | Found a sparkling altar of Nemelex Xobeh.
  5725 | D:5      | Reached skill level 5 in Shields
  6258 | D:7      | Reached skill level 8 in Unarmed Combat
  6300 | D:7      | Reached XP level 9. HP: 77/77 MP: 10/10
  6302 | D:7      | Reached * piety under Makhleb
  6314 | D:7      | Got a shadowed robe
  6335 | D:7      | Noticed Dowan
  6336 | D:7      | Noticed Duvessa
  6375 | D:7      | Killed Duvessa
  6386 | D:7      | Killed Dowan
  6468 | D:7      | Found a bloodstained altar of Trog.
  6643 | D:7      | Noticed Edmund
  6647 | D:7      | Noticed Sigmund
  6655 | D:7      | Killed Edmund
  6691 | D:7      | Killed Sigmund
  6941 | D:7      | Reached skill level 9 in Unarmed Combat
  7098 | D:7      | Found Idoog's Weapon Boutique.
  7565 | D:8      | Found Umobuc's Magic Scroll Shop.
  7580 | D:8      | Bought a scroll of blinking for 97 gold pieces
  7580 | D:8      | Bought a scroll of fear for 45 gold pieces
  7580 | D:8      | Bought a scroll of fog for 26 gold pieces
  7580 | D:8      | Bought a scroll of magic mapping for 45 gold pieces
  7580 | D:8      | Bought a scroll of immolation for 45 gold pieces
  7822 | D:8      | Reached skill level 5 in Armour
  7826 | D:8      | Noticed a two-headed ogre
  7835 | D:8      | Killed a two-headed ogre
  7835 | D:8      | Reached ** piety under Makhleb
  7835 | D:8      | Reached XP level 10. HP: 41/86 MP: 12/12
  7928 | D:8      | Reached skill level 5 in Invocations
  8294 | D:8      | Reached skill level 10 in Unarmed Combat
  8344 | D:8      | Noticed a white ugly thing
  8361 | D:8      | Killed a white ugly thing
  9028 | D:9      | Reached *** piety under Makhleb
  9040 | D:9      | Found a staircase to the Orcish Mines.
  9076 | D:9      | Noticed a cyan ugly thing
  9085 | D:9      | Killed a cyan ugly thing
  9733 | D:10     | Entered Level 10 of the Dungeon
  9753 | D:10     | Identified Sif Muna's Compendium of Execration and the
                  | Blaze
  9790 | D:10     | Reached skill level 11 in Unarmed Combat
  9797 | D:10     | Reached XP level 11. HP: 95/95 MP: 14/14
  9981 | D:10     | Reached **** piety under Makhleb
 10218 | D:10     | Found a shimmering altar of Xom.
 10457 | D:11     | Noticed Nergalle
 10468 | D:11     | Killed Nergalle
 10530 | D:11     | Noticed Erica
 10543 | D:11     | Killed Erica
 10616 | D:11     | Found a staircase to the Lair.
 10661 | D:11     | Noticed a four-headed hydra
 10676 | D:11     | Killed a four-headed hydra
 10676 | D:11     | Reached skill level 12 in Unarmed Combat
 10804 | D:11     | Noticed Harold
 10813 | D:11     | Killed Harold
 11054 | D:11     | Noticed Josephine
 11067 | D:11     | Noticed a cyclops
 11068 | D:11     | Killed Josephine
 11092 | D:11     | Killed a cyclops
 11092 | D:11     | Reached XP level 12. HP: 76/105 MP: 16/16
 11422 | D:11     | Reached ***** piety under Makhleb
 11937 | D:12     | Noticed a two-headed ogre
 11953 | D:12     | Killed a two-headed ogre
 12112 | D:12     | Noticed a two-headed ogre
 12125 | D:12     | Killed a two-headed ogre
 12599 | Lair:1   | Entered Level 1 of the Lair of Beasts
 12611 | Lair:1   | Reached skill level 13 in Unarmed Combat
 12646 | Lair:1   | Found an iron altar of Okawaru.
 12672 | Lair:1   | Reached skill level 10 in Fighting
 13325 | Lair:1   | Noticed a six-headed hydra
 13335 | Lair:1   | Killed a six-headed hydra
 13528 | Lair:2   | Noticed Fannar
 13667 | Lair:2   | Killed Fannar
 13925 | Lair:2   | Reached XP level 13. HP: 73/114 MP: 18/18
 14154 | Lair:2   | Found the +7 great mace "Undeadhunter" {disrupt, rN+}
 14516 | Lair:3   | Reached skill level 14 in Unarmed Combat
 15108 | Lair:3   | Found a hole to the Spider Nest.
 15484 | Lair:4   | Got a brightly glowing marble ring
 15496 | Lair:4   | Identified the ring "Hilat" {rF+ MP+9} (You found it on
                  | level 4 of the Lair of Beasts)
 15591 | Lair:4   | You fall into a shaft and drop 2 floors!
 15591 | Lair:6   | Entered Level 6 of the Lair of Beasts
 15612 | Lair:6   | Reached ****** piety under Makhleb
 15707 | Lair:6   | Noticed Nessos
 15943 | Lair:5   | Found a dark tunnel.
 15956 | Volcano  | Entered a volcano
 16364 | Volcano  | Found a radiant altar of Vehumet.
 17374 | Lair:5   | Reached skill level 10 in Invocations
 17498 | Lair:4   | Reached skill level 15 in Unarmed Combat
 17498 | Lair:4   | Reached XP level 14. HP: 124/124 MP: 20/20
 17509 | Lair:4   | Found a staircase to the Shoals.
 18548 | Lair:5   | Reached skill level 16 in Unarmed Combat
 18548 | Lair:5   | Reached XP level 15. HP: 88/130 MP: 21/21
 19431 | Lair:6   | Reached skill level 10 in Shields
 19925 | Lair:6   | Found a viscous altar of Jiyva.
 19926 | Lair:6   | Found a staircase to the Slime Pits.
 20056 | Lair:6   | Killed Nessos
 20056 | Lair:6   | Reached skill level 17 in Unarmed Combat
 20737 | Orc:1    | Entered Level 1 of the Orcish Mines
 20820 | Orc:2    | Entered Level 2 of the Orcish Mines
 20912 | Orc:2    | Reached skill level 10 in Armour
 21246 | Orc:2    | Noticed an orc warlord
 21260 | Orc:2    | Killed an orc warlord
 21344 | Orc:2    | Noticed an orc warlord
 21356 | Orc:2    | Killed an orc warlord
 21395 | Orc:2    | Noticed Saint Roka
 21503 | Orc:1    | Noticed an orc warlord
 21517 | Orc:1    | Killed an orc warlord
 21760 | Orc:2    | Reached XP level 16. HP: 107/140 MP: 23/23
 22016 | Orc:1    | Found Enosioc's Distillery.
 22176 | Orc:2    | Killed Saint Roka
 22346 | Orc:2    | Found a staircase to the Elven Halls.
 22409 | Orc:2    | Got a warped ring mail
 22566 | Orc:2    | Found a roughly hewn altar of Beogh.
 22660 | Orc:2    | Found Xiux's Gadget Emporium.
 22678 | Orc:2    | Found Qaoqucvy's Distillery.
 23046 | Orc:2    | Found Omelonoc's General Store.
 23297 | Orc:2    | Found a roughly hewn altar of Beogh.
 23320 | Orc:2    | Found Kaogiem's Armour Shop.
 23705 | D:13     | Reached skill level 18 in Unarmed Combat
 23724 | D:13     | Noticed Sonja
 23741 | D:13     | Killed Sonja
 23883 | D:13     | Found a huge runed translucent gate.
 23884 | D:13     | Found a huge runed translucent gate.
 23885 | D:13     | Found a huge runed translucent gate.
 23889 | D:13     | Found a huge runed translucent gate.
 24361 | D:14     | Found a blossoming altar of Fedhas.
 24481 | D:14     | Noticed Frances
 24502 | D:14     | Killed Frances
 24723 | D:14     | Found a gate to the Vaults.
 25083 | D:15     | Entered Level 15 of the Dungeon
 25156 | D:15     | Found a viscous altar of Jiyva.
 25479 | D:15     | Reached XP level 17. HP: 150/150 MP: 25/25
 26036 | D:15     | Found a staircase to the Depths.
 26420 | Spider:1 | Entered Level 1 of the Spider Nest
 27617 | Spider:1 | Reached skill level 19 in Unarmed Combat
 27829 | Spider:2 | Noticed Arachne
 27864 | Spider:2 | Killed Arachne
 28704 | Spider:3 | Got an iridescent war axe
 28943 | Spider:4 | Entered Level 4 of the Spider Nest
 29024 | Spider:4 | Noticed Roxanne
 29136 | Spider:4 | Killed Roxanne
 29318 | Spider:4 | HP: 6/152 [tarantella (7)]
 29320 | Spider:4 | HP: 2/152 [tarantella (4)]
 29321 | Spider:4 | Blown up by an orb spider

Illustrated notes

Levels and vault maps discovered:
D:1:      sevenhm_arrival_forest_fort_small_5, layout_basic,
          kennysheep_minor_cross, minmay_strange_pillars
D:2:      cheibrodos_pilgrimage, layout_basic, serial_forest,
          infiniplex_forest_lined_room_2, infiniplex_forest_clump_long,
          infiniplex_forest_clump_tiny, infiniplex_forest_lined_2,
          infiniplex_forest_fountain, infiniplex_forest_clump_long,
          infiniplex_forest_lined_3_way
D:3:      layout_loops_cross, uniq_robin
D:4:      layout_layer_cave, minmay_temple_entry_junction_2, st_stairs_11,
          minmay_misc_feat_x, uniq_natasha
D:5:      layout_basic, kennysheep_slug_shrine, serial_shops, shop
D:6:      layout_gridville, nemelex_lonely_heart_becter
D:7:      layout_basic, basic_altar, serial_shops, shop, serial_bayou_ford_a,
          sigmund_edmund_badplayer, uniq_duvessa
D:8:      layout_gridville, serial_shops,
          nicolae_shop_temple_entry_statues_fountains, minmay_tree_intersection,
          kennysheep_windowed_goal
D:9:      layout_long_grid, orc_0_dummy
D:10:     layout_rooms, xom_confusion_cloud
D:11:     layout_loops_corners, lair_entry_dummy, serial_glass, glass_columns_b,
          glass_columns_a, uniq_nergalle, uniq_harold, uniq_erica,
          uniq_josephine
D:12:     layout_gridville
D:13:     lemuel_bear_cage, layout_rooms, serial_park_tiny_pond, uniq_sonja
D:14:     layout_basic, david_vaults_4, lemuel_altar_in_water, uniq_frances
D:15:     grunt_enter_depths_hoard, layout_basic,
          chequers_serial_rivers_small_a, serial_bayou_pond_a, jiyva_altar_1
Temple:   dpeg_three_leaves_temple
Lair:1:   layout_chaotic_city, basic_altar
Lair:2:   layout_misc_corridors, uniq_fannar
Lair:3:   layout_cave_pods, nicolae_spider_entry_orb_guardian,
          kennysheep_basilisk_garden, grunt_megastairs_4, lemuel_fruit_tree
Lair:4:   layout_cave_pods, elwin_shoals_entry_rooms, beast_lair_carwin_4,
          grunt_megastairs_2, lemuel_fruit_fields, serial_bayou_shore_b
Lair:5:   layout_cave_pods, nicolae_volcano_entry_two_sided,
          infiniplex_staircase_pool_2
Lair:6:   minmay_lair_end_enchanted_forest, layout_regular_city,
          dpeg_slime_entry_enclosed_altar, chequers_serial_rivers_large_a,
          uniq_nessos
Spider:1: layout_spider_delve
Spider:2: layout_spider_delve, uniq_arachne
Spider:3: layout_spider_delve, spiders_nest_the_unseen
Spider:4: grunt_spider_rune_parallel, uniq_roxanne
Orc:1:    layout_diamond_mine, serial_shops, nicolae_shop_behind_doors,
          elf_legates
Orc:2:    pubby_orc_utopia, uniq_saint_roka

Skill      XL: |  1  2  3  4  5  6  7  8  9 10 11 12 13 14 15 16 17 |
---------------+----------------------------------------------------+-----
Unarmed Combat | 3 4 6 8 9 11 12 13 15 16 17 18 19 | 19.4
Shields        | 3 4 5 6 7 8 9 10 11 | 11.9
Fighting       | 4 5 6 7 8 9 10 11 12 13 14 | 14.0
Armour         | 3 4 5 6 7 8 9 10 11 | 11.7
Invocations    | 1 3 4 6 7 8 10 11 12 13 | 13.0

Action                   |  1- 3 |  4- 6 |  7- 9 | 10-12 | 13-15 | 16-18 || total
-------------------------+-------+-------+-------+-------+-------+-------++-------
Melee: Unarmed           |   110 |   266 |   386 |   738 |  1122 |  1227 ||  3849
Throw: Javelin           |       |       |       |       |     8 |       ||     8
Invok: Lesser Servant of |       |       |       |     3 |     5 |     5 ||    13
       Greater Servant o |       |       |       |       |     1 |       ||     1
Evoke: Wand              |       |       |     2 |    18 |       |    12 ||    32
  Use: Scroll            |       |       |       |       |    26 |     3 ||    29
       Potion            |       |       |       |       |     2 |     4 ||     6
Armor: Scale mail        |    45 |       |       |       |       |       ||    45
       Chain mail        |     6 |   156 |   170 |   306 |    94 |       ||   732
       Plate armour      |       |       |       |       |   326 |   682 ||  1008
Dodge: Dodged            |    44 |    54 |    42 |   124 |   175 |   207 ||   646
Block: Kite shield       |    66 |   127 |    63 |       |       |       ||   256
       Tower shield      |       |       |   177 |   646 |   974 |  1147 ||  2944

Table legend: (Time is in decaauts)
 A = Elapsed time spent in this place.
 B = Non-inter-level travel time spent in this place.
 C = Inter-level travel time spent in this place.
 D = Time resting spent in this place.
 E = Time spent auto-exploring this place.
 F = Levels seen in this place.
 G = Mean time per level.
                   A        B        C        D        E       F      G
               +--------+--------+--------+--------+--------+-----+--------+
         Total |  28831 |  27506 |   1325 |    684 |  20731 |  29 |  994.2 |
       Dungeon |  15341 |  14604 |    737 |    219 |  11453 |  15 | 1022.7 |
        Temple |    103 |     67 |     36 |      0 |     65 |   1 |  103.0 |
          Lair |   7067 |   6711 |    356 |    106 |   5171 |   6 | 1177.8 |
   Spider Nest |   2792 |   2733 |     59 |    166 |   1921 |   4 |  698.0 |
  Orcish Mines |   2797 |   2661 |    136 |    193 |   1692 |   2 | 1398.5 |
       Volcano |    729 |    729 |      0 |      0 |    429 |   1 |  729.0 |
               +--------+--------+--------+--------+--------+-----+--------+

Top non-repeatable levels by time:
   Orc:2: 2183 daAuts
  Lair:5: 1686 daAuts
    D:11: 1547 daAuts
  Lair:6: 1409 daAuts
     D:4: 1269 daAuts
     D:7: 1262 daAuts
  Lair:4: 1246 daAuts
Spider:1: 1215 daAuts
     D:2: 1209 daAuts
     D:8: 1204 daAuts
  Lair:3: 1153 daAuts
    D:15: 1119 daAuts
     D:1: 1060 daAuts
     D:9: 1033 daAuts
     D:5: 1021 daAuts
